 Dungeon Crawl Stone Soup version 0.25-a0-670-g50981ef59b (webtiles) character file.

Game seed: 8027736871988519972, levelgen mode: deterministic

17 BeastOfSaturn the Skirmisher (level 2, 0/26 HPs)
             Began as a Centaur Berserker on Mar 29, 2020.
             Was a Follower of Trog.
             Slain by a frilled lizard (3 damage)
             ... on level 1 of the Dungeon.
             The game lasted 00:00:51 (192 turns).

BeastOfSaturn the Skirmisher (Centaur Berserker)     Turns: 192, Time: 00:00:51

Health: 0/26       AC:  4    Str: 19    XL:     2   Next: 44%
Magic:  2/2        EV:  9    Int:  6    God:    Trog [*.....]
Gold:   0          SH:  0    Dex:  8    Spells: 1/1 levels left

rFire    . . .     SeeInvis .   a - +0 falchion
rCold    . . .     Gourm    .   (no shield)
rNeg     . . .     Faith    .   b - +0 animal skin
rPois    .         Spirit   .   (no helmet)
rElec    .         Reflect  .   (no cloak)
rCorr    .         Harm     .   (no gloves)
MR       .....                  (no barding)
Stlth    +.........             (no amulet)
HPRegen  0.08/turn              (no ring)
MPRegen  0.08/turn              (no ring)

@: lethally poisoned (0 -> -14), very quick
A: large, hooves 3, deformed body, speed 2, tough skin 3
a: Berserk, Renounce Religion


You were on level 1 of the Dungeon.
You worshipped Trog.
Trog was aware of your devotion.
You were not hungry.

You visited 1 branch of the dungeon, and saw 1 of its levels.

Inventory:

Hand Weapons
 a - a +0 falchion (weapon)
Armour
 b - a +0 animal skin (worn)
Scrolls
 d - a scroll of amnesia {unknown}
Comestibles
 c - a ration


   Skills:
 * Level 3.3 Fighting
 * Level 3.1 Long Blades
 * Level 1.5 Armour
 - Level 1.3 Dodging


You had one spell level left.
You didn't know any spells.
Your spell library was empty.

Dungeon Overview and Level Annotations

Branches:
Dungeon (1/15)

Altars:


Innate Abilities, Weirdness & Mutations

You have hooves in place of feet.
Armour fits poorly on your strangely shaped body.
You cover ground very quickly.
You have extremely tough skin. (AC +3)


Message History

The frilled lizard closely misses you.
You closely miss the goblin.
The goblin is severely wounded.
You feel sick. The goblin barely misses you.
You riposte.
You hit the goblin.
You kill the goblin!
Trog accepts your kill. The frilled lizard bites you.
* * * LOW HITPOINT WARNING * * *
You closely miss the frilled lizard. Your kick misses the frilled lizard.
* * * LOW HITPOINT WARNING * * *
You feel sick.
The frilled lizard bites you but does no damage.
You closely miss the frilled lizard.
* * * LOW HITPOINT WARNING * * *
You feel sick.
The frilled lizard bites you but does no damage.
You miss the frilled lizard. Your kick misses the frilled lizard.
* * * LOW HITPOINT WARNING * * *
You feel sick. The frilled lizard bites you.
You die...

# #.# ###### # #.#
#....# # #.# #....# #
#.# #....# #.#
#....#########
#######.###%...#.......#
..........'†...#..$....#
...########†..(#.....).#
...........(....@)......
...###########..l.......
..## #.........# ..#
##........# ..######
#.####.### .......## #.#
.# #.......# #.. #
######..# #.. ######..#


You could see a frilled lizard.

Vanquished Creatures
  2 dart slugs (D:1)
  A giant cockroach (D:1)
  4 jackals (D:1)
  2 bats (D:1)
  A frilled lizard (D:1)
  A goblin (D:1)
  2 rats (D:1)
13 creatures vanquished.

Notes
Turn   | Place    | Note
-------+----------+-------------------------------------------
     0 | D:1      | BeastOfSaturn the Centaur Berserker began the quest for the
                  | Orb.
     0 | D:1      | Reached XP level 1. HP: 19/19 MP: 1/1
    81 | D:1      | Reached XP level 2. HP: 26/26 MP: 2/2
   192 | D:1      | Slain by a frilled lizard

Levels and vault maps discovered:
D:1:      minmay_arrival_wavy_path, layout_basic, minmay_tromino_v7

Skill      XL: |  1 |
---------------+----+-----
Long Blades    | 3 |  3.1
Fighting       | |  3.3
Armour         | |  1.5
Dodging        | |  1.3

Action                   || total
-------------------------++-------
Melee: Falchion          ||    33
       Kick              ||     9
Armor: Animal skin       ||    30
Dodge: Dodged            ||    29
       Rpst.: Falchion   ||    13

Table legend:
 A = Non-vault XP
 B = Vault XP
 C = Vault XP percentage of total XP
 D = Non-vault monster count
 E = Vault monster count
 F = Vault count percentage of total count
                 A         B        C        D         E       F
            +---------+---------+-------+---------+---------+-------
      Total |      25 |       0 |   0.0 |      13 |       0 |   0.0
            +---------+---------+-------+---------+---------+-------
        D:1 |      25 |       0 |   0.0 |      13 |       0 |   0.0
            +---------+---------+-------+---------+---------+-------
